 Dungeon Crawl Stone Soup version 0.25-a0-1024-gbfbf38f2cb (webtiles) character file.

Game seed: 10430446087541946338, levelgen mode: classic

1337 Amnesiac the Slicer (level 8, -3/47 HPs)
             Began as a Deep Elf Fighter on May 12, 2020.
             Slain by an ogre
             ... wielding a +0 giant spiked club
              (27 damage)
             ... on level 6 of the Dungeon.
             The game lasted 00:18:51 (9266 turns).

Amnesiac the Slicer (Deep Elf Fighter)              Turns: 9266, Time: 00:18:52

Health: -3/47      AC:  3    Str: 15    XL:     8   Next: 35%
Magic:  12/12      EV: 10    Int: 14    God:
Gold:   247        SH:  9    Dex: 14    Spells: 7/7 levels left

rFire    x . .     SeeInvis .   a - +1 rapier
rCold    + . .     Gourm    .   c - +0 kite shield
rNeg     . . .     Faith    .   n - -2 ring mail (curse)
rPois    .         Spirit   .   (no helmet)
rElec    .         Reflect  .   (no cloak)
rCorr    .         Harm     .   (no gloves)
MR       .....                  (no boots)
Stlth    +.........             (no amulet)
HPRegen  0.15/turn              i - ring of ice
MPRegen  0.13/turn              (no ring)

@: no status effects
A: no striking features
a: no special abilities


You were on level 6 of the Dungeon.
You were not hungry.

You visited 1 branch of the dungeon, and saw 6 of its levels.
You also visited: Sewer.

You collected 247 gold pieces.

Inventory:

Hand Weapons
 a - a +1 rapier (weapon)
 t - a cursed -2 spear
 w - a +4 shortbow
 y - the +7 flail "Qouhuaxu" {holy, rF+}
   (You found it on level 5 of the Dungeon)

   It has been blessed by the Shining One to cause great damage to the undead
   and demons.
   It protects you from fire.
Missiles
 e - 5 atropa-tipped darts
 k - a boomerang
 o - 109 stones
 q - 4 poisoned darts (quivered)
 r - 19 sling bullets
 x - 18 arrows
 B - a curare-tipped dart
Armour
 b - a +0 scale mail
 c - a +0 kite shield (worn)
 n - a cursed -2 ring mail (worn)
 s - a +0 ring mail
Jewellery
 i - a ring of ice (left hand)
 v - an uncursed ring of positive energy {unknown}
Wands
 u - a wand of iceblast (10)
Scrolls
 g - 2 scrolls of magic mapping {!r}
 h - 5 scrolls of fog {!r}
 j - 3 scrolls of teleportation {!r}
 l - a scroll of enchant armour {!r}
 C - a scroll of blinking {!r, unknown}
 E - a scroll of fear {!r}
Potions
 d - 2 potions of might {!q}
 m - 2 potions of stabbing {!q}
 p - 2 potions of cancellation {!q}
 z - 3 potions of brilliance {!q}
 D - a potion of heal wounds {!q}
 F - a potion of magic {!q, unknown}
Comestibles
 f - 6 rations


   Skills:
 * Level 3.6 Fighting
 - Level 8.0 Short Blades
 * Level 3.6 Armour
 + Level 3.6 Dodging
 - Level 3.0 Shields
 - Level 3.0 Evocations


You had 7 spell levels left.
You didn't know any spells.
Your spell library contained the following spells:

 Spells                   Type           Power        Failure   Level  Hunger
 Confusing Touch          Hex            #.......     100%        3    ####...
 Gell's Gravitas          Tloc           #.........   100%        3    ####...
 Petrify                  Tmut/Erth      #.......     100%        4    #####..
 Metabolic Englaciation   Hex/Ice        #.........   100%        5    ######.
 Yara's Violent Unravell  Hex/Tmut       #.........   100%        5    ######.


Dungeon Overview and Level Annotations

Branches:
Dungeon (6/15)              Sewer (visited)
 Temple: D:4-7

Altars:
Cheibriados
Zin

Annotations:
D:6 Sigmund


Message History

You are near starving!
You eat one of the 7 rations.
That ration really hit the spot!
q - 4 poisoned darts (gained 1) HP restored.
q - 5 poisoned darts (gained 1)
q - 8 poisoned darts (gained 3)
q - 9 poisoned darts (gained 1);
e - 5 atropa-tipped darts
B - a curare-tipped dart You now have 247 gold pieces (gained 18).
Found an escape hatch in the floor.
An ogre comes into view. It is wielding a +0 giant spiked club.
An ogre is nearby!
An ogre is nearby!
An ogre is nearby!
Quiver which item? (- for none, * to show all) (? for menu, Esc to quit)
Quivering
q - 9 poisoned darts for throwing.
Throwing (i - inventory. (/) - cycle)
q - 9 poisoned darts (quivered)
Press: ? - help, Shift-Dir - straight line, f - ogre
Aim: an ogre, wielding a +0 giant spiked club You throw a poisoned dart.
The poisoned dart hits the ogre.
The ogre is poisoned.
Throwing (i - inventory. (/) - cycle)
q - 8 poisoned darts (quivered)
Press: ? - help, Shift-Dir - straight line, f/p - ogre
Aim: an ogre, wielding a +0 giant spiked club (poisoned)
You throw a poisoned dart. The poisoned dart hits the ogre.
The ogre looks even sicker.
Throwing (i - inventory. (/) - cycle)
q - 7 poisoned darts (quivered)
Press: ? - help, Shift-Dir - straight line, f/p - ogre
Aim: an ogre, wielding a +0 giant spiked club (lightly wounded, very poisoned)
You throw a poisoned dart.
The poisoned dart barely misses the ogre.
Throwing (i - inventory. (/) - cycle)
q - 6 poisoned darts (quivered)
Press: ? - help, Shift-Dir - straight line, f/p - ogre
Aim: an ogre, wielding a +0 giant spiked club (lightly wounded, very poisoned)
You throw a poisoned dart. The poisoned dart hits the ogre.
The ogre looks even sicker.
The ogre is lightly wounded.
You barely miss the ogre.
The ogre is lightly wounded.
The ogre barely misses you.
You hit the ogre but do no damage.
The ogre is moderately wounded.
You hit the ogre.
The ogre is moderately wounded.
The ogre hits you with a +0 giant spiked club!!
Ouch! That really hurt!
* * * LOW HITPOINT WARNING * * *
Unknown command.
Unknown command.
Unknown command.
Throwing (i - inventory. (/) - cycle)
q - 5 poisoned darts (quivered)
Press: ? - help, Shift-Dir - straight line, f/p - ogre
Aim: an ogre, wielding a +0 giant spiked club (heavily wounded, very poisoned)
You throw a poisoned dart.
The poisoned dart completely misses the ogre.
Unknown command.
The ogre closely misses you.
Your shield prevents you from hitting the ogre.
The ogre is heavily wounded.
You closely miss the ogre.
The ogre is severely wounded.
The ogre hits you with a +0 giant spiked club!!
Ouch! That really hurt!
You die...

#.##.# ### ......( ##.##.#
....... #..##.# ######o #.....#
#.....# #.....#
##.....####################
#.........................##'##
#.....>.......@O.......(.(.(>(.
###)....#######.###########.##.##
.....#### ##.#.# #
.....#######..#.#
...........#..#.#
###+#.........#.#
#Y#.........#.###
#.#.........#...#
#.#.............#


You could see an ogre (poisoned).

Vanquished Creatures
  A sky beast (D:6)
  A phantom (D:4)
  An ogre (D:3)
  A centaur (D:5)
  2 bullfrogs (Sewer)
  2 crimson imps
  A bullfrog zombie (D:5)
  2 hounds
  A jelly (D:4)
  An orc priest (D:6)
  2 orc wizards (D:3)
  2 iguanas
  7 worker ants
  A hound skeleton (D:6)
  A worker ant zombie (D:5)
  9 river rats
  14 adders
  A shadow imp (D:5)
  2 oozes
  2 worms
  3 dart slugs
  A leopard gecko (D:1)
  6 orcs
  3 giant cockroaches
  8 hobgoblins
  9 jackals
  9 kobolds
  3 quokkas
  12 ball pythons
  15 bats
  6 frilled lizards
  7 goblins
  A jackal skeleton (D:4)
  27 rats
164 creatures vanquished.

Notes
Turn   | Place    | Note
-------+----------+-------------------------------------------
     0 | D:1      | Amnesiac the Deep Elf Fighter began the quest for the Orb.
     0 | D:1      | Reached XP level 1. HP: 13/13 MP: 3/3
   130 | D:2      | Reached XP level 2. HP: 9/18 MP: 4/4
   223 | D:1      | Reached skill level 3 in Short Blades
   549 | D:1      | Reached XP level 3. HP: 22/22 MP: 5/5
  1835 | D:2      | HP: 1/23 [adder (1)]
  1839 | D:2      | Reached XP level 4. HP: 10/28 MP: 6/6
  2177 | D:2      | Reached skill level 4 in Short Blades
  2777 | D:3      | Reached XP level 5. HP: 32/32 MP: 7/7
  3368 | D:3      | Reached skill level 5 in Short Blades
  3384 | D:3      | Reached skill level 1 in Dodging
  4278 | D:4      | Noticed an ogre
  4303 | D:3      | Killed an ogre
  4303 | D:3      | Reached XP level 6. HP: 37/37 MP: 8/8
  4753 | D:5      | Entered Level 5 of the Dungeon
  4753 | D:5      | Found a glowing silver altar of Zin.
  4828 | D:5      | Reached skill level 6 in Short Blades
  5109 | D:5      | Reached XP level 7. HP: 26/41 MP: 9/9
  5404 | D:5      | Got an ichor-stained flail
  5755 | D:4      | Reached skill level 7 in Short Blades
  6917 | D:5      | Reached skill level 1 in Evocations
  7089 | D:5      | Found a snail-covered altar of Cheibriados.
  7180 | D:6      | Noticed Sigmund
  7325 | D:6      | Reached skill level 8 in Short Blades
  7330 | D:6      | Identified the +7 flail "Qouhuaxu" {holy, rF+} (You found
                  | it on level 5 of the Dungeon)
  7418 | D:6      | Found a glowing drain.
  7604 | Sewer    | Entered a sewer
  7789 | Sewer    | Reached XP level 8. HP: 12/46 MP: 12/12
  9266 | D:6      | Slain by an ogre

Illustrated notes

Levels and vault maps discovered:
D:1:      dpeg_arrival_round_a, layout_basic
D:2:      layout_basic, minmay_close_crescents
D:3:      layout_basic, first_ration
D:4:      layout_basic, minmay_puff
D:5:      layout_basic, hangedman_feature_mirror, kennysheep_path_1
D:6:      layout_basic, gup_sewer_entry_bubbles, uniq_sigmund, uniq_duvessa

Skill      XL: |  1  2  3  4  5  6  7  8 |
---------------+-------------------------+-----
Short Blades   | 3 4 5 6 8 |  8.0
Fighting       | 3 |  3.6
Shields        | 3 |  3.0
Dodging        | 2 3 |  3.6
Evocations     | 3 |  3.0
Armour         | 3 |  3.6

Action                   |  1- 3 |  4- 6 |  7- 9 || total
-------------------------+-------+-------+-------++-------
Melee: Rapier            |   163 |   199 |   246 ||   608
Throw: Dart              |    14 |    60 |    49 ||   123
       Stone             |    21 |     8 |       ||    29
       Boomerang         |       |       |    67 ||    67
Evoke: Wand              |       |       |     4 ||     4
  Use: Potion            |     2 |     4 |     4 ||    10
       Scroll            |       |     7 |     3 ||    10
 Stab: Invisible         |     1 |       |     1 ||     2
  Eat: Chunk             |     2 |    12 |     8 ||    22
       Ration            |       |       |     2 ||     2
Armor: Scale mail        |    95 |    51 |       ||   146
       Ring mail         |       |    27 |    42 ||    69
Dodge: Dodged            |    47 |    58 |    69 ||   174
Block: Kite shield       |    85 |    96 |   120 ||   301

Table legend:
 A = Non-vault XP
 B = Vault XP
 C = Vault XP percentage of total XP
 D = Non-vault monster count
 E = Vault monster count
 F = Vault count percentage of total count
                 A         B        C        D         E       F
            +---------+---------+-------+---------+---------+-------
      Total |    1427 |     483 |  25.3 |     103 |      61 |  37.2
            +---------+---------+-------+---------+---------+-------
        D:1 |      38 |       0 |   0.0 |      22 |       0 |   0.0
        D:2 |     110 |       2 |   1.8 |      23 |       1 |   4.2
        D:3 |     307 |       0 |   0.0 |      30 |       0 |   0.0
        D:4 |     371 |      37 |   9.1 |      11 |       3 |  21.4
        D:5 |     309 |      15 |   4.6 |       8 |       2 |  20.0
        D:6 |     292 |      45 |  13.4 |       9 |       7 |  43.8
      Sewer |       0 |     384 | 100.0 |       0 |      48 | 100.0
            +---------+---------+-------+---------+---------+-------
